 Dungeon Crawl Stone Soup version 0.19.1-1-g22dce08 (webtiles) character file.

60 galech the Skirmisher (level 4, -1/50 HPs)
             Began as an Ogre Fighter on Jan 19, 2017.
             Slain by an orc wizard
             ... wielding a +0 dagger
              (2 damage)
             ... on level 2 of the Dungeon.
             The game lasted 00:03:06 (1912 turns).

galech the Skirmisher (Ogre Fighter)                Turns: 1912, Time: 00:03:07

Health: -1/50      AC:  3    Str: 22    XL:     4   Next: 6%
Magic:  4/4        EV: 11    Int:  7    God:
Gold:   80         SH:  0    Dex:  9    Spells: 0 memorised, 3 levels left

rFire  . . .     SeeInvis .     a - +0 flail
rCold  . . .     Gourm    .     b - +0 robe
rNeg   . . .     Faith    .     c - +0 shield
rPois  .         Spirit   .     (helmet restricted)
rElec  .         Reflect  .     (no cloak)
rCorr  .         Harm     .     (gloves unavailable)
MR     .....                    (boots unavailable)
Stlth  +.........               (no amulet)
                                (no ring)
                                o - +3 ring of evasion

@: confused
A: unfitting armour, tough skin 1
a: no special abilities


You were on level 2 of the Dungeon.
You were not hungry.

You visited 1 branch of the dungeon, and saw 3 of its levels.

You collected 80 gold pieces.

Inventory:

Hand Weapons
 a - a +0 flail (weapon)
Armour
 b - a +0 robe (worn)
 c - a +0 shield (worn)
Jewellery
 o - a +3 ring of evasion (left hand)
Scrolls
 e - 2 scrolls of identify {unknown}
 g - 4 scrolls of remove curse
 k - a scroll of magic mapping {unknown}
 m - a scroll of fear {unknown}
 p - a scroll of random uselessness {unknown}
Potions
 d - a potion of might
 h - a potion of resistance {unknown}
 i - a potion of degeneration {unknown}
 l - 2 potions of brilliance {unknown}
 n - a potion of curing {unknown}
Comestibles
 f - 2 bread rations


   Skills:
 + Level 5.0 Fighting
 + Level 3.7 Maces & Flails
 + Level 3.2 Dodging
 - Level 2.6 Shields


You had 3 spell levels left.
You didn't know any spells.

Dungeon Overview and Level Annotations

Branches:
Dungeon (3/15)

Altars:
Cheibriados
Uskayaw


Innate Abilities, Weirdness & Mutations

You are too large for most types of armour.
You have tough skin. (AC +1)


Message History

The orc wizard casts a spell.
The orc wizard seems to speed up.
You bump into the rock wall.
The orc wizard hits you with a dagger. Something hits you.
The orc wizard gestures wildly while chanting.
The orc wizard blinks!
You bump into the rock wall.
Something hits you.
* * * LOW HITPOINT WARNING * * *
You are too injured to fight recklessly!
You're too confused to move!
You hear some strange, mumbled words.
A magic dart appears from out of thin air!
The magic dart hits you!
* * * LOW HITPOINT WARNING * * *
You barely miss something. The orc wizard casts a spell at you.
The magic dart hits you!
* * * LOW HITPOINT WARNING * * *
Something hits you.
You die...

....##.#.#.#.## #.# #...##.#.....#
#.# #.###..###.#.# #.# #.# #.##
#.#.## #.# #.# #.# #....#### #.#
#.# #.# #<.#....# #.# ..# #.#
##...##.# #.# ### #.# ##.###{# #.#
#.# #.#.o@# #.# #.# #.#.### #.#
#####.######.#.## ##.#
................###..#####
#.###.######.............# ..###.##
#....###.####)###### ####...##
#.#.## #.# ##.#..P.#
##.#.#.####.#.####.###.....ā‰ˆā‰ˆ##
#.#..##...................ā‰ˆPā‰ˆ.#


You could see an orc wizard.

Vanquished Creatures
  An adder (D:2)
  A gnoll (D:2)
  An ooze (D:1)
  A worm (D:2)
  2 dart slugs
  A leopard gecko (D:1)
  6 goblins
  4 hobgoblins
  4 jackals (D:1)
  A frilled lizard (D:2)
  A kobold (D:2)
  6 rats
29 creatures vanquished.

Notes
Turn   | Place    | Note
-------+----------+-------------------------------------------
     0 | D:1      | galech the Ogre Fighter began the quest for the Orb.
     0 | D:1      | Reached XP level 1. HP: 24/24 MP: 1/1
   288 | D:1      | Reached XP level 2. HP: 22/33 MP: 2/2
   813 | D:1      | Reached XP level 3. HP: 34/40 MP: 3/3
  1298 | D:2      | Reached skill level 5 in Fighting
  1582 | D:2      | Reached XP level 4. HP: 50/50 MP: 4/4
  1686 | D:2      | Found a hide-covered altar of Uskayaw.
  1686 | D:2      | Found a snail-covered altar of Cheibriados.
  1912 | D:2      | HP: 1/50 [orc wizard/magic dart (5)]
  1912 | D:2      | Slain by an orc wizard

Skill      XL: |  1  2  3 |
---------------+----------+-----
Maces & Flails | 3 |  3.7
Dodging        | 3 |  3.2
Fighting       | 5 |  5.0
Shields        | |  2.6

Action                   |  1- 3 |  4- 6 || total
-------------------------+-------+-------++-------
Melee: Flail             |    93 |    18 ||   111
  Use: Scroll            |     2 |       ||     2
 Stab: Sleeping          |     1 |     1 ||     2
  Eat: Chunk             |     2 |     1 ||     3
Armor: Robe              |    16 |     2 ||    18
Dodge: Dodged            |    29 |     8 ||    37
Block: Shield            |    32 |     3 ||    35
